 Dungeon Crawl Stone Soup version 0.25-a0-869-g05d4e06a41 (webtiles) character file.

Game seed: 16862323719924789820, levelgen mode: deterministic

56 Maedhros the Sneak (level 3, -6/23 HPs)
             Began as an Octopode Artificer on May 1, 2020.
             Killed by divine providence
             ... invoked by an orc priest
              (11 damage)
             ... on level 4 of the Dungeon.
             The game lasted 00:01:18 (238 turns).

Maedhros the Sneak (Octopode Artificer)              Turns: 238, Time: 00:01:19

Health: -6/23      AC:  1    Str: 11    XL:     3   Next: 95%
Magic:  5/5        EV: 13    Int: 13    God:
Gold:   30         SH:  0    Dex: 13    Spells: 2/2 levels left

rFire    + . .     SeeInvis .   i - +0 dagger (protect)
rCold    . . .     Gourm    .   (no shield)
rNeg     . . .     Faith    .   (helmet restricted)
rPois    .         Spirit   .   (no amulet)
rElec    .         Reflect  .   g - ring of protection from fire
rCorr    .         Harm     .   (no ring)
MR       .....                  (no ring)
Stlth    +++.......             (no ring)
HPRegen  0.07/turn              (no ring)
MPRegen  0.09/turn              (no ring)
                                (no ring)
                                (no ring)

@: no status effects
A: almost no armour, stealthy swim, amphibious, 8 rings, constrict 8, camouflage
1, gelatinous body 1
a: no special abilities


You were on level 4 of the Dungeon.
You were not hungry.

You visited 1 branch of the dungeon, and saw 4 of its levels.

You collected 30 gold pieces.

Inventory:

Hand Weapons
 a - a +0 short sword
 i - a +0 dagger of protection (weapon)
Jewellery
 g - a ring of protection from fire (left tentacle)
Wands
 b - a wand of flame (9)
 c - a wand of enslavement (15)
 d - a wand of random effects (14)
Potions
 e - a potion of brilliance {unknown}
Comestibles
 f - a ration
 h - a chunk of flesh


   Skills:
 - Level 1.0 Fighting
 - Level 1.0 Short Blades
 - Level 2.0 Dodging
 - Level 4.0 Stealth
 + Level 2.2 Unarmed Combat
 - Level 3.2 Evocations


You had 2 spell levels left.
You didn't know any spells.
Your spell library was empty.

Dungeon Overview and Level Annotations

Branches:
Dungeon (4/15)
 Temple: D:4-7

Altars:


Innate Abilities, Weirdness & Mutations

You cannot wear most types of armour.
You are very stealthy in the water. (Stealth+)
You are amphibious.
You can wear up to eight rings at the same time.
You can use your tentacles to constrict eight enemies at once.
Your skin changes colour to match your surroundings (Stealth+).
Your rubbery body absorbs attacks. (AC +1, EV +1)


Message History

Aiming: Throw Flame
Press: ? - help, Shift-Dir - straight line, f/p - hound
Aim: a hound (heavily wounded)
The puff of flame hits the hound.
The hound is almost dead.
The hound pauses to sniff the ground.
You barely miss the hound. You grab the hound.
The hound is almost dead.
You constrict the hound.
You kill the hound!
Your Unarmed Combat skill gained 2 levels and is now at level 2!
Found a stone staircase leading down.
There is an escape hatch in the floor here.
An orc comes into view.
It is wielding a +0 dagger. 2 orcs and an orc priest come into view.
There is a stone staircase leading down here.
The orc shouts! x2; The orc priest shouts!
The orc shouts!
You hear a shout!
The orc priest calls down the wrath of Beogh upon you.
Beogh smites you!
You die...

#..........# .#
#.#####>.### #
# #..######...
#...........
#....######
###.##.######..
....##.#.......
..........#
###......@#
#.###.#.# #
...... ###.#o##
#.... #....
..o...


oo... You could see an orc priest and 3 orcs.

Vanquished Creatures
  A hound (D:4)
  An adder (D:3)
  A dart slug (D:2)
  3 orcs (D:3)
  A bat (D:1)
  A goblin (D:2)
  A hobgoblin (D:2)
  A kobold (D:3)
  A rat (D:1)
11 creatures vanquished.

Notes
Turn   | Place    | Note
-------+----------+-------------------------------------------
     0 | D:1      | Maedhros the Octopode Artificer began the quest for the
                  | Orb.
     0 | D:1      | Reached XP level 1. HP: 13/13 MP: 3/3
    49 | D:2      | Reached skill level 2 in Stealth
    55 | D:2      | Reached skill level 3 in Stealth
    55 | D:2      | Reached XP level 2. HP: 16/18 MP: 4/4
   183 | D:3      | Reached skill level 4 in Stealth
   190 | D:3      | Reached XP level 3. HP: 2/23 MP: 5/5
   238 | D:4      | Killed from afar by an orc priest

Levels and vault maps discovered:
D:1:      sevenhm_arrival_forest_fort_large_4, layout_rooms
D:2:      cheibrodos_greedy_goblins, layout_loops_ring, first_ration,
          chequers_ecumenical_altar_simple_redux, kennysheep_generic_room_6
D:3:      layout_basic
D:4:      minmay_spotlight, layout_loops_ring, gammafunk_temple_overflow_claw

Skill      XL: |  1  2  3 |
---------------+----------+-----
Stealth        | 3 4 |  4.0
Unarmed Combat | 2 |  2.2
Fighting       | |  1.0
Short Blades   | |  1.0
Dodging        | |  2.0
Evocations     | |  3.2

Action                   || total
-------------------------++-------
Melee: Short sword       ||    24
       Constrict         ||     5
       Tentacles         ||     2
       Dagger            ||     1
Evoke: Wand              ||     7
 Stab: Sleeping          ||     2
Armor: Skin              ||     1
Dodge: Dodged            ||    16

Table legend:
 A = Non-vault XP
 B = Vault XP
 C = Vault XP percentage of total XP
 D = Non-vault monster count
 E = Vault monster count
 F = Vault count percentage of total count
                 A         B        C        D         E       F
            +---------+---------+-------+---------+---------+-------
      Total |      80 |       0 |   0.0 |      11 |       0 |   0.0
            +---------+---------+-------+---------+---------+-------
        D:1 |       3 |       0 |   0.0 |       2 |       0 |   0.0
        D:2 |       8 |       0 |   0.0 |       3 |       0 |   0.0
        D:3 |      24 |       0 |   0.0 |       5 |       0 |   0.0
        D:4 |      45 |       0 |   0.0 |       1 |       0 |   0.0
            +---------+---------+-------+---------+---------+-------
